Map: [TLMC15] Glittering Ashes

Players

Nice

  • Race: Protoss Protoss

ShoWTimE - Winner!

  • Race: Protoss Protoss

Event: DreamHack SC2 Masters 2021 Winter

VOD

Have the link to the VOD?

Description

Time

  • Played on: Nov. 12, 2021, 11:35 a.m.
  • Length: 12:35

All games in this series

Show
View Real Time Build Order
Export as new Build Order

Nice Protoss 

Build Orders: Archon Immortal 

Get SALT Encoding   

  12  0:00  Probe  
  13  0:12  Probe  
  14  0:17  Pylon  
  14  0:24  Probe (Chrono Boost)  
  16  0:36  Probe (Chrono Boost)  
  16  0:37  Gateway  
  16  0:41  Probe (Chrono Boost)  
  16  0:45  Assimilator  
  17  0:50  Assimilator  
  17  0:53  Probe (Chrono Boost)  
  18  1:06  Probe (Chrono Boost)  
  18  1:07  Gateway  
  19  1:13  Probe (Chrono Boost)  
  20  1:20  Probe  
  20  1:25  Cybernetics Core  
  21  1:32  Probe  
  22  1:38  Pylon  
  22  1:44  Probe  
  23  1:56  Probe  
  24  2:01  Stalker  
  24  2:02  Warp Gate, Sentry  
  28  2:08  Probe  
  28  2:14  Pylon  
  31  2:31  Sentry  
  31  2:42  Nexus, Sentry  
  32  2:45  Probe  
  33  2:52  Shield Battery  
  33  2:57  Probe  
  34  3:03  Pylon  
  34  3:09  Probe  
  35  3:21  Probe (Chrono Boost)  
  36  3:29  Twilight Council  
  36  3:33  Probe (Chrono Boost)  
  37  3:38  Probe (Chrono Boost)  
  38  3:42  Forge  
  38  3:47  Probe (Chrono Boost)  
  39  3:58  Probe x2 (Chrono Boost)  
  39  4:00  Blink (Chrono Boost)  
  39  4:02  Phoenix  
  41  4:05  Probe (Chrono Boost)  
  41  4:06  Probe (Chrono Boost)  
  43  4:10  Probe (Chrono Boost)  
  43  4:12  Protoss Ground Weapons Level 1 (Chrono Boost)  
  43  4:14  Probe  
  43  4:16  Gateway  
  45  4:22  Probe  
  46  4:24  Stalker  
  46  4:26  Probe  
  46  4:28  Stalker  
  51  4:34  Probe  
  51  4:38  Photon Cannon, Probe  
  53  4:42  Pylon  
  53  4:46  Probe  
  53  4:48  Assimilator  
  53  4:50  Probe  
  55  4:55  Stalker  
  55  4:56  Stalker  
  55  4:59  Probe  
  60  5:01  Shield Battery  
  60  5:04  Probe  
  61  5:11  Probe  
  62  5:16  Stalker, Probe  
  62  5:19  Stalker  
  62  5:20  Stalker  
  69  5:22  Pylon  
  70  5:32  Nexus  
  70  5:35  Probe, Pylon  
  70  5:40  Probe  
  71  5:45  Stalker  
  71  5:47  Probe  
  71  5:48  Robotics Facility  
  74  5:51  Assimilator  
  74  5:52  Probe  
  74  5:53  Charge  
  75  5:59  Probe  
  75  6:03  Shield Battery  
  76  6:04  Probe, Pylon  
  77  6:12  Gateway  
  77  6:13  Gateway  
  77  6:14  Probe  
  77  6:17  Probe  
  79  6:20  Protoss Ground Weapons Level 2 (Chrono Boost)  
  79  6:23  Gateway  
  79  6:28  Templar Archives  
  79  6:31  Probe (Chrono Boost)  
  79  6:32  Probe (Chrono Boost)  
  81  6:37  Gateway  
  81  6:39  Observer  
  82  6:44  Probe (Chrono Boost)  
  82  6:47  Gateway  
  84  6:49  Probe (Chrono Boost)  
  84  6:52  Probe x2 (Chrono Boost)  
  86  6:56  Probe (Chrono Boost)  
  86  6:57  Immortal (Chrono Boost)  
  86  7:00  Assimilator  
  91  7:04  Assimilator  
  91  7:11  Probe x3  
  91  7:14  Pylon  
  94  7:15  High Templar  
  94  7:16  Pylon, High Templar  
  94  7:21  Gateway  
  94  7:22  Gateway  
  98  7:24  High Templar  
  98  7:25  Probe x2  
  98  7:26  Probe  
  98  7:28  Archon  
  103  7:31  Immortal  
  107  7:37  Probe  
  107  7:41  High Templar  
  110  7:50  Nexus  
  110  7:53  Archon, Pylon  
  110  7:56  High Templar x2  
  110  7:57  Zealot x4  
  122  8:00  Pylon  
  122  8:02  Archon  
  122  8:04  Probe x3  
  125  8:11  Observer  
  126  8:16  Probe x2, Shield Battery  
  126  8:17  Pylon  
  128  8:24  Probe  
  129  8:28  Probe x2  
  129  8:31  Photon Cannon  
  129  8:32  Photon Cannon  
  129  8:33  Immortal, Pylon, High Templar x2  
  139  8:36  Probe  
  139  8:37  Archon  
  139  8:40  Observer, Probe  
  139  8:41  Probe  
  142  8:42  Protoss Ground Weapons Level 3 (Chrono Boost)  
  142  8:43  Observer  
  142  8:48  Robotics Bay, Probe  
  143  8:53  Probe  
  144  8:57  Zealot x6  
  155  9:12  High Templar x2  
  155  9:13  Zealot x2  
  163  9:19  Immortal (Chrono Boost)  
  163  9:21  Archon  
  167  9:24  Pylon, Shield Battery  
  167  9:27  Assimilator  
  167  9:28  Assimilator, Pylon  
  167  9:30  Photon Cannon  
  167  9:39  Pylon  
  167  9:42  Pylon, Shield Battery  
  167  9:44  Pylon x2  
  167  9:48  High Templar x4  
  167  9:50  Zealot x2  
  167  9:52  Archon x2  
  175  9:57  Colossus (Chrono Boost)  
  179  10:03  Pylon  
  179  10:04  Pylon  
  179  10:05  Shield Battery  
  165  10:08  Pylon  
  165  10:11  Zealot  
  165  10:12  Zealot x5  
  153  10:20  Zealot x4  
  121  10:32  Zealot  
  121  10:33  Zealot x5  
  95  10:43  Zealot x2  
  95  10:44  Zealot x2  
  95  10:47  Disruptor (Chrono Boost)  
  95  10:53  Zealot  
  95  10:54  Zealot x4  
  100  10:58  Zealot  
  84  11:11  Stalker  
  84  11:12  Stalker x3  
  84  11:14  Stalker x2  
  84  11:15  Stalker x3  
  84  11:16  Disruptor (Chrono Boost)  
  95  11:38  Stalker x6  
  95  11:39  Stalker  
  109  11:41  Stalker  
  109  11:43  Disruptor (Chrono Boost)  
  90  12:06  Stalker x3  
  90  12:07  Stalker x4  
Show
View Real Time Build Order
Export as new Build Order

ShoWTimE Protoss - Winner!

Build Orders: Phoenix Opening, Blink Stalkers, Zealot Archon 

Get SALT Encoding   

  12  0:00  Probe  
  13  0:12  Probe  
  14  0:17  Pylon  
  14  0:24  Probe (Chrono Boost)  
  15  0:36  Probe (Chrono Boost)  
  15  0:38  Gateway  
  16  0:45  Probe (Chrono Boost)  
  16  0:46  Assimilator  
  17  0:51  Probe  
  18  1:03  Probe (Chrono Boost)  
  19  1:04  Assimilator  
  19  1:09  Gateway  
  19  1:14  Probe (Chrono Boost)  
  20  1:19  Probe (Chrono Boost)  
  21  1:25  Cybernetics Core  
  21  1:29  Probe  
  22  1:35  Pylon  
  22  1:41  Probe  
  23  1:53  Probe  
  24  2:02  Stalker, Sentry  
  24  2:03  Warp Gate  
  29  2:11  Pylon  
  29  2:14  Shield Battery  
  30  2:35  Sentry  
  30  2:38  Phoenix  
  30  2:40  Nexus  
  30  2:41  Probe (Chrono Boost)  
  30  2:42  Sentry  
  33  2:48  Shield Battery  
  33  2:53  Probe (Chrono Boost)  
  34  3:00  Twilight Council  
  34  3:03  Probe (Chrono Boost)  
  35  3:10  Probe  
  36  3:14  Stalker  
  36  3:19  Pylon  
  38  3:21  Phoenix  
  38  3:24  Probe  
  39  3:32  Blink (Chrono Boost)  
  39  3:38  Probe (Chrono Boost)  
  41  3:49  Probe (Chrono Boost)  
  41  3:54  Probe x2 (Chrono Boost)  
  43  4:01  Stalker  
  45  4:04  Probe  
  45  4:05  Stalker, Probe  
  45  4:08  Phoenix  
  49  4:16  Probe  
  51  4:17  Probe  
  51  4:28  Probe  
  51  4:29  Probe  
  53  4:34  Nexus  
  53  4:39  Adept x2  
  53  4:40  Probe  
  53  4:42  Pylon  
  53  4:43  Probe  
  59  4:51  Forge  
  59  4:52  Probe  
  60  4:55  Probe  
  61  5:00  Robotics Facility  
  61  5:04  Phoenix, Probe  
  61  5:05  Stalker  
  64  5:08  Stalker  
  64  5:09  Probe  
  67  5:14  Protoss Ground Weapons Level 1 (Chrono Boost), Pylon  
  67  5:16  Probe  
  67  5:19  Assimilator  
  68  5:21  Probe  
  69  5:28  Probe  
  69  5:33  Probe  
  71  5:38  Gateway, Shield Battery  
  71  5:41  Gateway, Probe  
  71  5:42  Phoenix  
  72  5:47  Probe (Chrono Boost)  
  72  5:48  Probe (Chrono Boost)  
  74  5:51  Observer  
  74  5:55  Stalker  
  74  5:56  Stalker  
  80  5:58  Probe (Chrono Boost)  
  80  6:00  Probe (Chrono Boost)  
  80  6:03  Probe (Chrono Boost)  
  82  6:05  Probe (Chrono Boost)  
  82  6:07  Probe (Chrono Boost)  
  82  6:08  Gateway  
  82  6:10  Phoenix, Probe  
  85  6:11  Gateway  
  85  6:14  Probe  
  85  6:17  Probe  
  87  6:22  Immortal, Probe  
  90  6:26  Probe  
  90  6:28  Assimilator  
  90  6:29  Probe  
  90  6:31  Pylon  
  90  6:32  Assimilator  
  92  6:34  Probe  
  92  6:38  Charge  
  93  6:42  Pylon  
  93  6:48  Gateway  
  93  6:49  Gateway  
  93  6:51  Pylon  
  93  6:55  Protoss Ground Weapons Level 2 (Chrono Boost)  
  93  6:56  Templar Archives  
  93  6:57  Assimilator  
  93  6:59  Probe x3, Pylon  
  96  7:02  Zealot x5  
  106  7:13  Zealot  
  108  7:21  Probe, Pylon  
  109  7:27  Nexus, Phoenix  
  109  7:28  Pylon  
  109  7:33  Zealot, High Templar x4  
  109  7:34  Zealot  
  121  7:37  Archon x2  
  121  7:38  Immortal (Chrono Boost)  
  121  7:39  Pylon  
  125  7:51  Shield Battery  
  125  7:52  Gateway x2, Pylon  
  125  7:57  High Templar x2  
  125  7:58  Zealot x2  
  133  8:03  Archon  
  133  8:04  Phoenix, Shield Battery  
  133  8:08  Zealot x4  
  141  8:13  Probe x3  
  141  8:14  Warp Prism (Chrono Boost)  
  146  8:23  High Templar  
  146  8:24  High Templar  
  150  8:28  Archon  
  150  8:31  Phoenix  
  150  8:33  High Templar x2  
  150  8:34  Zealot  
  156  8:39  Archon  
  156  8:40  Zealot x3  
  162  8:47  Zealot x2  
  166  8:52  Pylon  
  166  8:53  Pylon  
  166  8:54  Protoss Ground Weapons Level 3 (Chrono Boost)  
  166  8:56  Pylon  
  166  8:57  Pylon  
  166  9:03  Phoenix  
  166  9:07  Zealot, High Templar x2  
  172  9:11  Zealot x7  
  172  9:12  Archon  
  186  9:22  Robotics Bay  
  186  9:23  Robotics Facility  
  186  9:36  Zealot x7  
  186  9:37  Observer  
  200  9:41  Gateway  
  200  9:43  Gateway  
  188  9:54  Zealot x3  
  188  9:57  Zealot x3  
  192  10:10  Zealot x3  
  192  10:11  Zealot, Disruptor  
  167  10:15  Zealot x3  
  145  10:22  Zealot x3  
  125  10:33  Zealot x4  
  127  10:39  Zealot x3  
  117  10:47  Zealot x3, Disruptor  
  124  10:50  Zealot x2  
  124  10:55  Stalker x4  
  130  11:02  Zealot x3  
  124  11:12  Stalker x5  
  128  11:23  Disruptor  
  128  11:24  Zealot x6  
  137  11:30  Probe x3  
  137  11:31  Photon Cannon  
  133  11:51  Zealot x3  
  133  11:52  Zealot x6  
  145  11:59  Disruptor  
  126  12:04  Zealot x3  

Tags
 
Add a new tag
Caveats
  • Supply blocks, unpowered buildings, or Contaminate may cause inaccurate times.
  • Supply counts are checked every 10 seconds.